 Dungeon Crawl Stone Soup version 0.23.2-1-ga50397a (webtiles) character file.

Game seed: 5991884217923290425

112 MalarOregon the Ruffian (level 4, -5/36 HPs)
             Began as a Ghoul Gladiator on May 29, 2019.
             Slain by Crazy Yiuf
             ... wielding a +2 quarterstaff of chaos
              (14 damage)
             ... on level 2 of the Dungeon.
             The game lasted 00:01:40 (1570 turns).

MalarOregon the Ruffian (Ghoul Gladiator)           Turns: 1570, Time: 00:01:41

Health: -5/36      AC:  4    Str: 18    XL:     4   Next: 93%
Magic:  3/3        EV: 12    Int:  3    God:
Gold:   117        SH:  0    Dex: 10    Spells: 3/3 levels left

rFire    . . .     SeeInvis .     - Unarmed
rCold    + . .     Gourm    .   (no shield)
rNeg     + + +     Faith    .   a - +0 leather armour
rPois    ∞         Spirit   .   b - +0 helmet
rElec    .         Reflect  .   (no cloak)
rCorr    .         Harm     .   (no gloves)
MR       .....                  (no boots)
Stlth    +.........             (no amulet)
HPRegen  0.00/turn              (no ring)
MPRegen  0.08/turn              (no ring)

@: rotting
A: rotting body, claws 1, carnivore, cold resistance 1, negative energy
resistance 3, inhibited regeneration, torment resistance, unbreathing
a: no special abilities


You were on level 2 of the Dungeon.
You were not hungry.

You visited 1 branch of the dungeon, and saw 2 of its levels.

You collected 117 gold pieces.

Inventory:

Missiles
 c - 3 throwing nets (quivered) {!f}
 f - 7 curare-tipped needles {!f}
Armour
 a - a +0 leather armour (worn)
 b - a +0 helmet (worn)
Jewellery
 q - a +3 ring of strength {unknown}
   (You found it on level 2 of the Dungeon)
Scrolls
 h - 2 scrolls of remove curse {unknown}
 i - a scroll of teleportation {unknown}
 j - a scroll of enchant armour {unknown}
 k - 4 scrolls of identify {unknown}
 l - 2 scrolls of enchant weapon {unknown}
 s - a scroll of random uselessness {unknown}
Potions
 d - a potion of invisibility {unknown}
 g - a potion of heal wounds {unknown}
 m - a potion of might {unknown}
 n - a potion of cancellation {unknown}
 o - a potion of curing {unknown}
 p - 2 potions of degeneration {unknown}
 r - a potion of haste {unknown}
Comestibles
 e - 4 rations {!d}


   Skills:
 - Level 2.1 Fighting
 - Level 1.7 Throwing
 - Level 2.6 Dodging
 + Level 6.0 Unarmed Combat


You had 3 spell levels left.
You didn't know any spells.
Your spell library was empty.

Dungeon Overview and Level Annotations

Branches:
Dungeon (2/15)

Altars:

Annotations:
D:2 Crazy Yiuf


Innate Abilities, Weirdness & Mutations

Your body is rotting away.
You thrive on raw meat.
You are immune to poison.
You have sharp fingernails.
You are carnivorous and can eat meat at any time.
Your flesh is cold resistant. (rC+)
You are immune to negative energy. (rN+++)
You do not regenerate when monsters are visible.
You are immune to unholy pain and torment.
You can survive without breathing.


Message History

Search for what [? for help]? ego You claw the fungus!
You scratch the fungus.
You scratch the fungus but do no damage.
You scratch the fungus.
You scratch the fungus but do no damage.
You scratch the fungus. You scratch the fungus.
You destroy the fungus!
You scratch the fungus. You claw the fungus! You scratch the fungus.
You scratch the fungus but do no damage.
You scratch the fungus but do no damage.
You scratch the fungus.
You scratch the fungus but do no damage.
You scratch the fungus. You scratch the fungus. You claw the fungus.
You scratch the fungus.
You scratch the fungus but do no damage.
You claw the fungus!
You destroy the fungus!
Found a mace.
Crazy Yiuf shouts!
Crazy Yiuf says, "East!"
You open the door.
Throwing (i - inventory)
c - 4 throwing nets (quivered)
{!f}
Aim: Crazy Yiuf, wielding a +2 quarterstaff of chaos and wearing a +2 cloak of invisibility Really fire
c - 4 throwing nets {!f}?
You throw a throwing net {!f}. The throwing net {!f} hits Crazy Yiuf.
Crazy Yiuf is caught in the net!
Crazy Yiuf twirls on the spot.
Crazy Yiuf struggles against the net.
You scratch Crazy Yiuf but do no damage.
Crazy Yiuf struggles against the net.
You scratch Crazy Yiuf.
Crazy Yiuf struggles against the net.
You claw Crazy Yiuf!
Crazy Yiuf struggles against the net.
The net rips apart, and Crazy Yiuf comes free!
You scratch Crazy Yiuf.
Crazy Yiuf hits you with a +2 quarterstaff of chaos!
You are electrocuted!
* * * LOW HITPOINT WARNING * * *
You scratch Crazy Yiuf.
Crazy Yiuf says, "Proton!
Buddy testudinal alas."
Crazy Yiuf barely misses you.
You scratch Crazy Yiuf but do no damage.
Crazy Yiuf hits you with a +2 quarterstaff of chaos.
* * * LOW HITPOINT WARNING * * *
You are electrocuted!
You die...

### ###########
#)..### ###...##.....
#...g@####............
#...##..#.PP..........
##### ###
###.#.P..#.......
....## ########.......
(##..#### ##.......
.###....##
######.......( .#
####..##
####...###....... .#
##..#######....###
#.......
.#######..........####
#.......


You could see Crazy Yiuf.

Vanquished Creatures
  A worker ant (D:2)
  3 adders (D:2)
  A gnoll (D:1)
  2 worms (D:2)
  A dart slug (D:1)
  2 leopard geckos (D:2)
  3 giant cockroaches
  5 goblins (D:2)
  A hobgoblin (D:1)
  10 jackals
  2 quokkas (D:2)
  5 bats
  A frilled lizard (D:2)
  4 rats
  2 fungi (D:2)
43 creatures vanquished.

Notes
Turn   | Place    | Note
-------+----------+-------------------------------------------
     0 | D:1      | MalarOregon the Ghoul Gladiator began the quest for the
                  | Orb.
     0 | D:1      | Reached XP level 1. HP: 17/17 MP: 0/0
   337 | D:1      | Reached XP level 2. HP: 24/24 MP: 1/1
   354 | D:1      | Reached skill level 4 in Unarmed Combat
   480 | D:1      | Reached XP level 3. HP: 20/29 MP: 2/2
   743 | D:2      | Reached skill level 5 in Unarmed Combat
   774 | D:2      | Reached XP level 4. HP: 30/36 MP: 3/3
  1305 | D:2      | Reached skill level 6 in Unarmed Combat
  1559 | D:2      | Found a runed translucent door.
  1560 | D:2      | Noticed Crazy Yiuf
  1570 | D:2      | Slain by Crazy Yiuf

Skill      XL: |  1  2  3  4 |
---------------+-------------+-----
Unarmed Combat | 4 5 6 |  6.0
Fighting       | |  2.1
Throwing       | |  1.7
Dodging        | |  2.6

Action                   |  1- 3 |  4- 6 || total
-------------------------+-------+-------++-------
Melee: Unarmed           |    75 |    78 ||   153
       Punch             |       |     1 ||     1
Throw: Throwing net      |       |     1 ||     1
  Eat: Chunk             |     1 |     4 ||     5
Armor: Leather armour    |    26 |    15 ||    41
Dodge: Dodged            |    54 |    24 ||    78
